 Dungeon Crawl Stone Soup version 0.28.0-53-g5a82cb258f (webtiles) character file.

Game seed: 8326401056361310552

696 SanguineChosen the Cudgeller (level 7, -2/44 HPs)
             Began as a Gargoyle Fighter on July 22, 2022.
             Killed by divine providence
             ... invoked by an orc priest
              (12 damage)
             ... on level 5 of the Dungeon.
             The game lasted 00:12:15 (4450 turns).

SanguineChosen the Cudgeller (Gargoyle Fighter)     Turns: 4450, Time: 00:12:15

Health: -2/44      AC: 16    Str: 22    XL:     7   Next: 64%
Magic:  7/7        EV: 13    Int:  8    God:
Gold:   157        SH:  9    Dex:  9    Spells: 6/6 levels left

rFire   . . .      SeeInvis .   a - +0 flail
rCold   . . .      Faith    .   c - +0 buckler
rNeg    + . .      Spirit   .   b - +0 scale mail
rPois   ∞          Reflect  +   t - +0 helmet
rElec   +          Harm     .   i - +2 cloak
rCorr   .          Rampage  .   (no gloves)
Will    +....                   (no boots)
Stlth   ..........              k - amulet of reflection
HPRegen 0.14/turn               g - ring of willpower
MPRegen 0.10/turn               u - +4 ring of evasion

@: no status effects
A: sickness immunity, AC +4, negative energy resistance 1, electricity
resistance, torment resistance 1, petrification resistance
a: no special abilities


You were on level 5 of the Dungeon.
You visited 1 branch of the dungeon, and saw 5 of its levels.

You collected 157 gold pieces.

Inventory:

Hand Weapons
 a - a +0 flail (weapon)
Missiles
 s - 4 poisoned darts (quivered)
Armour
 b - a +0 scale mail (worn)
 c - a +0 buckler (worn)
 i - a +2 cloak (worn)
 t - a +0 helmet (worn)
Jewellery
 g - a ring of willpower (left hand)
 h - a ring of fire
 k - an amulet of reflection (around neck)
 o - a ring of see invisible
 u - a +4 ring of evasion (right hand)
Wands
 q - a wand of polymorph (6)
Scrolls
 f - 4 scrolls of identify
 j - 2 scrolls of teleportation
Potions
 d - 3 potions of might
 e - a potion of brilliance {unknown}
 l - a potion of lignification {unknown}
 m - a potion of invisibility
 n - a potion of heal wounds {unknown}
 p - 2 potions of cancellation
 r - a potion of curing


   Skills:
 + Level 5.0 Fighting
 + Level 5.2 Maces & Flails
 + Level 5.1 Armour
 + Level 1.1 Dodging
 + Level 5.1 Shields


You had 6 spell levels left.
You didn't know any spells.
Your spell library contained the following spells:

 Spells                   Type           Power      Damage    Failure   Level
 Static Discharge         Conj/Air       0%         N/A       91%         2
 Wereblood                Tmut           0%         N/A       91%         2
 Ignite Poison            Fire/Tmut/Pois 0%         N/A       99%         3
 Inner Flame              Hex/Fire       0%         N/A       99%         3
 Mephitic Cloud           Conj/Pois/Air  0%         N/A       99%         3
 Cause Fear               Hex            0%         N/A       100%        4
 Dispel Undead            Necr           0%         3d6       100%        4
 Leda's Liquefaction      Hex/Erth       0%         N/A       100%        4
 Sticky Flame             Conj/Fire      0%         2d3       100%        4
 Freezing Cloud           Conj/Ice/Air   0%         6-21      100%        5
 Lee's Rapid Deconstruct  Erth           0%         3d5*      100%        5
 Summon Hydra             Summ           0%         N/A       100%        7
 Discord                  Hex            0%         N/A       100%        8
 Sublimation of Blood     Necr           Unusable   N/A       N/A         2
 Statue Form              Tmut/Erth      Unusable   N/A       N/A         6

Dungeon Overview and Level Annotations

Branches:
Dungeon (5/15)
 Temple: D:4-7

Altars:
Fedhas
Makhleb
Ru
Wu Jian


Innate Abilities, Weirdness & Mutations

You are immune to sickness and miasma.
Your stone body is resilient. (AC +4)
You are immune to poison.
You resist negative energy. (rN+)
You are resistant to electric shocks. (rElec)
You are resistant to unholy torment.
You are immune to petrification.


Message History

The adder is almost dead.
You block the adder's attack.
You miss the adder.
The adder is almost dead.
You block the adder's attack. The adder misses you.
You hit the adder.
You kill the adder!
You block the scorpion zombie's attack.
You thump the scorpion zombie!
The scorpion zombie is heavily damaged.
You hit the orc.
The orc is lightly wounded.
You hit the orc but do no damage.
The orc is lightly wounded.
You block the orc's attack. The orc hits you but does no damage.
You hit the orc.
You kill the orc!
You completely miss the orc. The orc hits you but does no damage.
You closely miss the orc. The orc closely misses you.
You closely miss the orc. The orc hits you but does no damage.
The orc priest looks encouraged for a moment.
You sock the orc!
You kill the orc!
The orc priest calls down the wrath of Beogh upon you.
Beogh smites you!
* * * LOW HITPOINT WARNING * * *
You sock the scorpion zombie!
The scorpion zombie is almost destroyed.
You block the scorpion zombie's attack.
The orc priest casts a cantrip, but nothing happens.
A kobold comes into view.
It is wielding a +0 whip and quivering poisoned darts.
You feel better.
The kobold shouts!
The scorpion zombie hits you.
* * * LOW HITPOINT WARNING * * *
You hit the scorpion zombie.
You destroy the scorpion zombie!
The orc priest invokes the aid of Beogh against you.
Beogh smites you!
You die...

#....(...>......# .#.#
####......#.#.#.#
.#.###.........#.#...#
.....#.........#.....#
##.#.#†........#....#
#..#.........#.#....# .#...
#.########.#.#.#....##.#...
#....#...#.................
####.#.......#.#@#....o....
##.#<#.#####.#.#.........
#............#o#........#
####.#.####)##o#..o......
#....###♣)##K#.........
#.)###.................
####..P.♣).)((.##.#####
#.....###(......... .P.P.
#........##


You could see 2 orc priests and a kobold.

Vanquished Creatures
  An ogre (D:5)
  A water moccasin zombie (D:5)
  A wyvern zombie (D:4)
  A jelly (D:4)
  A gnoll shaman (D:4)
  2 iguanas
  Natasha (thrice) (D:3)
  A bullfrog skeleton (D:4)
  A scorpion zombie (D:5)
  A howler monkey zombie (D:5)
  Robin (D:4)
  7 adders
  9 gnolls (D:4)
  2 worms
  3 dart slugs
  5 orcs
  5 endoplasms
  6 giant cockroaches
  13 goblins
  12 hobgoblins
  12 kobolds
  6 quokkas
  7 ball pythons
  6 bats
  A frilled lizard (D:3)
  9 rats
117 creatures vanquished.

Vanquished Creatures (others)
  51 plants (D:5)
51 creatures vanquished.

Grand Total: 168 creatures vanquished

Notes
Turn   | Place    | Note
-------+----------+-------------------------------------------
     0 | D:1      | SanguineChosen the Gargoyle Fighter began the quest for the
                  | Orb.
     0 | D:1      | Reached XP level 1. HP: 14/14 MP: 1/1
   266 | D:1      | Reached XP level 2. HP: 19/19 MP: 2/2
   570 | D:1      | Reached XP level 3. HP: 22/24 MP: 3/3
  1738 | D:2      | Found a faded altar of an unknown god.
  1840 | D:2      | Reached XP level 4. HP: 29/29 MP: 4/4
  2084 | D:3      | Noticed Natasha
  2114 | D:3      | Killed Natasha
  2273 | D:3      | Noticed Natasha
  2370 | D:3      | Found an ornate altar of the Wu Jian Council.
  2419 | D:3      | Killed Natasha
  2420 | D:3      | Reached XP level 5. HP: 33/33 MP: 5/5
  2493 | D:3      | Found a sacrificial altar of Ru.
  2638 | D:3      | Noticed Natasha
  2647 | D:3      | Killed Natasha
  3268 | D:4      | Noticed Robin
  3276 | D:4      | Killed Robin
  3362 | D:4      | Reached XP level 6. HP: 39/39 MP: 6/6
  3511 | D:4      | Reached skill level 5 in Armour
  3820 | D:4      | Reached XP level 7. HP: 38/44 MP: 7/7
  4087 | D:4      | Found a blossoming altar of Fedhas.
  4092 | D:4      | Found a burning altar of Makhleb.
  4326 | D:5      | Entered Level 5 of the Dungeon
  4409 | D:5      | Reached skill level 5 in Fighting
  4409 | D:5      | Reached skill level 5 in Maces & Flails
  4409 | D:5      | Reached skill level 1 in Dodging
  4409 | D:5      | Reached skill level 5 in Shields
  4450 | D:5      | Killed from afar by an orc priest

Illustrated notes

Levels and vault maps discovered:
D:1:      giann_forest_graveyard, layout_rooms
D:2:      layout_loops_ring, ebering_ecumenical_altar_box,
          kennysheep_small_spiral
D:3:      layout_rooms, hangedman_ru_absence, nzn_wu_jian_council_hall,
          chequers_serial_rivers_large_a, grunt_ministairs_6,
          chequers_mini_garden, uniq_natasha
D:4:      layout_loops_cross, minitemple, uniq_robin
D:5:      kennysheep_kobold_camp, layout_basic, good_gods_mini_temple,
          minmay_temple_entry_fiery, cheibrodos_sewer_entry_sluice,
          uniq_eustachio

Skill      XL: |  1  2  3  4  5  6  7 |
---------------+----------------------+-----
Armour         | 4 5 |  5.1
Fighting       | 4 5 |  5.0
Maces & Flails | 3 4 5 |  5.2
Shields        | 4 5 |  5.1
Dodging        | 1 |  1.1

Action                   |  1- 3 |  4- 6 |  7- 9 || total
-------------------------+-------+-------+-------++-------
Melee: Flail             |   127 |   195 |    82 ||   404
Throw: Dart              |       |       |     2 ||     2
  Use: Scroll            |       |     7 |       ||     7
       Potion            |       |       |     1 ||     1
Armor: Scale mail        |   116 |    93 |    34 ||   243
Dodge: Dodged            |    69 |    55 |    36 ||   160
Block: Buckler           |    21 |    71 |    53 ||   145
